 Dungeon Sprint DCSS version 0.14-a0-3295-g3fd807f (webtiles) character file.

26 BluebellGnoll the Covert (level 2, -3/13 HPs)
             Began as a Spriggan Enchanter on Mar 14, 2014.
             Was a Believer of Vehumet.
             Slain by a hungry ghost (5 damage)
             ... in the Dungeon (Sprint VII: "The Pits").
             The game lasted 00:02:48 (288 turns).

BluebellGnoll the Covert (Spriggan Enchanter)        Turns: 288, Time: 00:02:48

HP  -3/13        AC  3     Str  4      XL: 2   Next: 89%
MP   7/7         EV 18     Int 16      God: Vehumet [**....]
Gold 0           SH  0     Dex 16      Spells:  2 memorised,  3 levels left

rFire  . . .     SeeInvis +     l - +2 dagger
rCold  . . .     Clarity  .     b - +1 robe
rNeg   . . .     Conserve .     (shield restricted)
rPois  .         rCorr    .     (helmet restricted)
rElec  .         rRot     .     (no cloak)
SustAb . .       Spirit   .     (gloves unavailable)
rMut   .         Warding  .     (boots unavailable)
Saprov . . .     NoTele   +     (no amulet)
MR     .....                    (no ring)
                                (no ring)

@: exhausted, slowed, quick, not resistant to hostile enchantments, extremely
stealthy
A: unfitting armour, see invisible, herbivore 3, speed 3, slow metabolism 2
a: Renounce Religion


You were in the Dungeon.
You worshipped Vehumet.
Vehumet was pleased with you.
You were starving.

You visited 1 branch

Inventory:

Hand weapons
 a - a +1,+1 dagger
 l - a +2,+2 dagger (weapon)
Missiles
 d - 12 darts (quivered)
Armour
 b - a +1 robe (worn)
Comestibles
 n - 3 bread rations
Scrolls
 k - a scroll of blinking
 m - 2 scrolls of vulnerability
 p - 3 scrolls of remove curse
 q - 5 scrolls of amnesia
 r - a scroll of summoning
Potions
 e - a potion of porridge
 f - a potion of curing
 g - a potion of heal wounds
 h - a potion of haste
 i - 4 potions of magic
 j - a potion of berserk rage
 o - 2 potions of invisibility
Books
 c - a book of Maledictions

   Spells                             Type                      Level
   *Corona                            Hexes                        1
   Sure Blade                         Hexes/Charms                 2
   *Ensorcelled Hibernation           Hexes/Ice                    2
   Confuse                            Hexes                        3
   Enslavement                        Hexes                        4
   Invisibility                       Hexes                        6


   Skills:
 - Level 1.1 Short Blades
 - Level 1.1 Throwing
 - Level 3.0 Dodging
 + Level 9.6 Stealth
 - Level 2.6 Spellcasting
 - Level 3.6 Hexes


You had 3 spell levels left.
You knew the following spells:

 Your Spells              Type           Power        Failure   Level  Hunger
a - Corona                Hex            ##.....      6%          1    #......
b - Ensorcelled Hibernat  Hex/Ice        #.....       17%         2    ##.....


Dungeon Overview and Level Annotations

Branches:
Dungeon (1/1)

Altars:
Ashenzari
Cheibriados
Dithmenos
Elyvilon
Fedhas
Kikubaaqudgha
Makhleb
Nemelex Xobeh
Okawaru
Sif Muna
Trog
Vehumet
Xom
Yredelemnul
Zin
The Shining One
Beogh
Jiyva
Lugonu


Innate Abilities, Weirdness & Mutations

You are tiny and cannot use many weapons and most armour.
You have supernaturally acute eyesight.
You are a herbivore.
You cover ground extremely quickly.
You need consume almost no food.


Message History

You are starving!
You closely miss the hungry ghost.
The hungry ghost is severely damaged.
The hungry ghost hits you.
You feel somewhat more hungry. The hungry ghost misses you.
You hit the hungry ghost but do no damage.
The hungry ghost is severely damaged.
The hungry ghost hits you but does no damage.
You hit the hungry ghost.
The hungry ghost is severely damaged.
The hungry ghost misses you. The hungry ghost closely misses you.
You hit the hungry ghost but do no damage.
The hungry ghost is severely damaged.
The hungry ghost completely misses you.
You hit the hungry ghost.
The hungry ghost is almost destroyed.
The hungry ghost hits you.
* * * LOW HITPOINT WARNING * * *
You feel somewhat more hungry. The hungry ghost hits you.
You die...

############
#__________#
#_____.____#
#######'#############
#.))).'.'%.##.........
#.).).#.#.(##......#..#
#######'#####..........
#.......)%p@'...........
#+#####'#####......#..#.
#..#..# #............
#..'..# ####'#####++
#.[#### #.......#
#..#..# #.......#
#..#Jp# #.......#
##'#..#+###...<...#
#.......s##.......#


You could see a hungry ghost.

Vanquished Creatures
  A gnoll (D)
  An ufetubus (D)
  A giant gecko (D)
  2 orcs (D)
  A hobgoblin (D)
  3 jackals (D)
9 creatures vanquished.

Notes
Turn   | Place    | Note
--------------------------------------------------------------
     0 | D        | BluebellGnoll, the Spriggan Enchanter, began the quest for the Orb.
     0 | D        | Reached XP level 1. HP: 9/9 MP: 4/4
    10 | D        | Reached skill level 5 in Stealth
    19 | D        | Found a shadowy altar of Dithmenos.
    19 | D        | Found a basalt altar of Yredelemnul.
    19 | D        | Found a deep blue altar of Sif Muna.
    19 | D        | Found a burning altar of Makhleb.
    19 | D        | Found a shimmering altar of Xom.
    19 | D        | Found an ancient bone altar of Kikubaaqudgha.
    19 | D        | Found a sparkling altar of Nemelex Xobeh.
    20 | D        | Found a glowing golden altar of the Shining One.
    20 | D        | Found a bloodstained altar of Trog.
    20 | D        | Found a shattered altar of Ashenzari.
    20 | D        | Found a white marble altar of Elyvilon.
    20 | D        | Found a snail-covered altar of Cheibriados.
    20 | D        | Found a blossoming altar of Fedhas.
    20 | D        | Found a radiant altar of Vehumet.
    20 | D        | Found a glowing silver altar of Zin.
    20 | D        | Found a corrupted altar of Lugonu.
    20 | D        | Found a viscous altar of Jiyva.
    20 | D        | Found a roughly hewn altar of Beogh.
    20 | D        | Found an iron altar of Okawaru.
    27 | D        | Became a worshipper of Vehumet
    70 | D        | Reached skill level 6 in Stealth
    73 | D        | Acquired Vehumet's first power
    73 | D        | Offered knowledge of Freeze by Vehumet.
   175 | D        | Reached skill level 7 in Stealth
   175 | D        | Reached XP level 2. HP: 13/13 MP: 7/7
   186 | D        | Reached skill level 8 in Stealth
   200 | D        | Learned a level 2 spell: Ensorcelled Hibernation
   220 | D        | Noticed a hungry ghost
   241 | D        | Offered knowledge of Throw Frost by Vehumet.
   241 | D        | Reached skill level 9 in Stealth
   288 | D        | Slain by a hungry ghost

Action                   || total
-------------------------++-------
Melee: Dagger            ||    47
 Cast: Ensorcelled Hiber ||     1
  Use: Potion            ||     2
 Stab: Sleeping          ||     2
